 Seeded DCSS version 0.31-a0-435-g2c6fae2916 (webtiles) character file.

Game seed: 6733148913236269867 (custom seed)

6 innerfire43 the Trooper (level 1, -1/18 HPs)
             Began as a Demonspawn Monk on Aug 1, 2023.
             Frozen to death by an endoplasm (5 damage)
             ... on level 1 of the Dungeon.
             The game lasted 00:00:11 (121 turns).

innerfire43 the Trooper (Demonspawn Monk)            Turns: 121, Time: 00:00:12

Health: -1/18      AC:  2    Str: 11    XL:     1   Next: 75%
Magic:  1/1        EV: 13    Int: 11    God:
Gold:   0          SH:  0    Dex: 15    Spells: 0/0 levels left

rFire   . . .        a - +0 hand axe
rCold   . . .        d - orb {light}
rNeg    . . .        b - +0 robe
rPois   .            (no helmet)
rElec   .            (no cloak)
rCorr   .            (no gloves)
SInv    .            (no boots)
Will    .....        (no amulet)
Stlth   +            (no ring)
HPRegen 0.23/turn    (no ring)
MPRegen 0.07/turn

%: no passive effects
@: glowing
A: no striking features
a: no special abilities


You were on level 1 of the Dungeon.
You visited 1 branch of the dungeon, and saw 1 of its levels.

Inventory:

Hand Weapons
 a - a +0 hand axe (weapon)
Armour
 b - a +0 robe (worn)
 d - an orb of light (worn)
 e - a +0 helmet
Potions
 c - a potion of ambrosia


   Skills:
 + Level 3.1 Fighting
 + Level 2.8 Axes
 + Level 2.8 Dodging


You couldn't memorise any spells.
You didn't know any spells.
Your spell library was empty.

Dungeon Overview and Level Annotations

Branches:
Dungeon (1/15)

Altars:


Message History

The bat closely misses you. The dart slug launches a dart at you.
The slug dart hits you.
You see here a +0 helmet.
e - a +0 helmet The bat hits you.
The bat barely misses you. The hobgoblin hits you.
You see here 12 gold pieces.
You hit the hobgoblin.
The hobgoblin is heavily wounded.
You hit the hobgoblin. You hit the bat. The bat closely misses you.
The hobgoblin closely misses you. The hobgoblin misses you. The bat hits you.
The hobgoblin closely misses you. The hobgoblin misses you.
You barely miss the hobgoblin.
The hobgoblin is heavily wounded.
You hit the hobgoblin. You hit the bat.
You kill the bat!
You hit the quokka but do no damage.
A bat comes into view.
The quokka bites you. The hobgoblin misses you. The hobgoblin hits you.
* * * LOW HITPOINT WARNING * * *
The bat moves out of view.
You hit the hobgoblin.
You kill the hobgoblin!
You hit the hobgoblin.
You kill the hobgoblin!
You hit the quokka. The quokka closely misses you.
Unknown command.
You hit the endoplasm.
The endoplasm is moderately wounded.
You hit the quokka but do no damage. The quokka closely misses you.
The endoplasm hits you.
* * * LOW HITPOINT WARNING * * *
The quokka completely misses you.
You hit the endoplasm.
The endoplasm is heavily wounded.
You barely miss the quokka. The endoplasm freezes you.
You are frozen.
You die...

...#### #......# ...#..#
#......# ...'.~#
#......# ...#..#
#......### #'#####
#.....)..
#...#######......## ####
###.......#.......#.....
#######.#......r.[####
#.#.....@Jw.....
#.#......#......
#....####....... ######
....... ....... .......
....... ......


You could see a dart slug, an endoplasm and a quokka.

Vanquished Creatures
  A bat (D:1)
  An endoplasm (D:1)
  2 hobgoblins (D:1)
  A rat (D:1)
5 creatures vanquished.

Notes
Turn   | Place    | Note
-------+----------+-------------------------------------------
     0 | D:1      | innerfire43 the Demonspawn Monk began the quest for the
                  | Orb.
     0 | D:1      | Reached XP level 1. HP: 18/18 MP: 1/1
   121 | D:1      | Frozen to death by an endoplasm

Illustrated notes

Levels and vault maps discovered:
D:1:      dpeg_arrival_prison, layout_rooms, chequers_arboretum

Action                     || total
---------------------------++-------
  Melee: Hand axe          ||    16
 Armour: Robe              ||     2
  Dodge: Dodged            ||    15

Table legend: (Time is in decaauts)
 A = Elapsed time spent in this place.
 B = Non-inter-level travel time spent in this place.
 C = Inter-level travel time spent in this place.
 D = Time resting spent in this place.
 E = Time spent auto-exploring this place.
 F = Levels seen in this place.
 G = Mean time per level.
                   A        B        C        D        E       F      G
               +--------+--------+--------+--------+--------+-----+--------+
         Total |    123 |    123 |      0 |      0 |     89 |   1 |  123.0 |
       Dungeon |    123 |    123 |      0 |      0 |     89 |   1 |  123.0 |
               +--------+--------+--------+--------+--------+-----+--------+

Top non-repeatable levels by time:
     D:1: 123 daAuts
